 Dungeon Crawl Stone Soup version 0.31-a0-4-gefa6de2278 (webtiles) character file.

Game seed: 8564341908417755478

196 voltaire321 the Stinger (level 5, 0/33 HPs)
             Began as an Octopode Venom Mage on May 4, 2023.
             Constricted to death by a ball python (1 damage)
             ... on level 4 of the Dungeon.
             The game lasted 00:05:28 (2615 turns).

voltaire321 the Stinger (Octopode Venom Mage)       Turns: 2615, Time: 00:05:28

Health: 0/33       AC:  1    Str:  7    XL:     5   Next: 75%
Magic:  4/8        EV: 10    Int: 18    God:
Gold:   193        SH:  0    Dex: 14    Spells: 3/9 levels left

rFire   . . .        f - +0 short sword
rCold   . . .        (no shield)
rNeg    . . .        (helmet restricted)
rPois   .            (no amulet)
rElec   .            (no ring)
rCorr   .            (no ring)
SInv    .            (no ring)
Will    .....        (no ring)
Stlth   ++++         (no ring)
HPRegen 0.25/turn    (no ring)
MPRegen 0.11/turn    (no ring)
                     (no ring)

%: no passive effects
@: constricted
A: almost no armour, amphibious, 8 rings, camouflage 1, gelatinous body 1,
(nimble swimmer 1), tentacles
a: no special abilities


You were on level 4 of the Dungeon.
You visited 1 branch of the dungeon, and saw 4 of its levels.

You collected 258 gold pieces.
You spent 65 gold pieces at shops.

Inventory:

Hand Weapons
 f - a +0 short sword (weapon)
Jewellery
 j - a ring of flight
Scrolls
 b - 2 scrolls of amnesia {unknown}
 e - a scroll of vulnerability {unknown}
 g - 2 scrolls of identify {unknown}
 k - 2 scrolls of teleportation {unknown}
 l - a scroll of enchant weapon {unknown}
 m - a scroll of enchant armour {unknown}
 q - a scroll of fear {unknown}
 r - a scroll of poison {unknown}
 s - a scroll of torment {unknown}
Potions
 a - a potion of magic
 c - a potion of curing
 d - a potion of mutation {unknown}
 h - 2 potions of brilliance {unknown}
 i - a potion of haste {unknown}
 n - a potion of heal wounds
 o - 2 potions of cancellation {unknown}
 p - a potion of attraction {unknown}


   Skills:
 + Level 1.6 Fighting
 + Level 2.7 Dodging
 + Level 4.2 Stealth
 + Level 2.6 Spellcasting
 + Level 1.1 Conjurations
 - Level 2.0 Transmutations
 + Level 1.2 Air Magic
 + Level 4.3 Poison Magic


You had 3 spell levels left.
You knew the following spells:

 Your Spells              Type           Power      Damage    Failure   Level
a - Sting                 Tmut/Pois      52%        1d5       4%          1
b - Poisonous Vapours     Pois/Air       24%        N/A       9%          2
c - Mephitic Cloud        Conj/Pois/Air  10%        N/A       21%         3

Your spell library contained the following spells:

 Spells                   Type           Power      Damage    Failure   Level
 Necrotise                Necr           8%         1d4       17%         1
 Lesser Beckoning         Tloc           4%         N/A       26%         2
 Gell's Gravitas          Tloc           2%         N/A       45%         3
 Teleport Other           Tloc           2%         N/A       45%         3
 Vampiric Draining        Necr           2%         2d6       45%         3
 Olgreb's Toxic Radiance  Pois           18%        N/A       28%         4
 Agony                    Necr           2%         N/A       99%         5


Dungeon Overview and Level Annotations

Branches:
Dungeon (4/15)
 Temple: D:4-7

Altars:

Shops:
D:3 *


Innate Abilities, Weirdness & Mutations

You cannot wear most types of armour.
You are amphibious.
You can wear up to eight rings at the same time.
Your skin changes colour to match your surroundings (Stealth+).
Your rubbery body absorbs attacks. (AC +1, EV +1)
((You are camouflaged when in or above water. (Stealth+)))
You have tentacles for arms and can constrict up to eight enemies at once.


Message History

Aiming: Poisonous Vapours (safe; 9% risk of failure)
Press: ? - help, Dir - move target, f/p - orc priest
Aim: an orc priest, wielding a +0 hand axe (poisoned) Poisonous vapours surround the orc priest!
The orc priest looks even sicker.
The orc priest mumbles some strange prayers to Beogh against you.
Beogh smites you!
You hear an angry hiss.
A ball python comes into view.
The ball python bites you. The ball python closely misses you.
The orc priest hits you with a +0 hand axe.
You hit the orc priest. Your grab misses the orc priest.
The orc priest is heavily wounded.
The ball python barely misses you. The ball python grabs you.
The ball python constricts you.
The orc priest hits you with a +0 hand axe!
* * * LOW HITPOINT WARNING * * *
The ball python bites you.
* * * LOW HITPOINT WARNING * * *
The ball python constricts you.
* * * LOW HITPOINT WARNING * * *
Aiming: Sting (safe; 4% risk of failure)
Press: ? - help, Q - select action, (/) - cycle Shift-Dir - straight line, f/p - orc priest
Aim: an orc priest, wielding a +0 hand axe (heavily wounded, poisoned, 71% to hit)
The sting hits the orc priest.
The orc priest looks even sicker.
The orc priest is almost dead.
The ball python loses its grip on you.
The orc priest miscasts a cantrip.
You hit the ball python. Your grab misses the ball python.
Your squeeze misses the ball python.
The ball python is severely wounded.
You kill the orc priest!
The ball python barely misses you. x2
You closely miss the ball python. You grab the ball python.
The ball python is severely wounded.
You constrict the ball python, but do no damage.
The ball python misses you. x2; The ball python bites you.
* * * LOW HITPOINT WARNING * * *
The ball python grabs you. The ball python constricts you.
You die...

#.# #.........#..##.......... #.#
#.......#.#.....#.#.<....
###.#####.......#.#.##..#.#####..
.......##.......#.#.##..#.# #..
.##.##.##########.........# #..
.##.##.###### ######.#### #..
.##.........##########.# ...
.#####.####.#...S.$.##.. ##.
.......#........@S..##.. #.
########.......###...... .
#.......# ..... #......... ....
#.......### #.. #........ .
#......... ###########


You could see 2 ball pythons.

Vanquished Creatures
  A scorpion (D:4)
  An orc priest (D:4)
  An iguana (D:4)
  3 adders
  A worm (D:2)
  A dart slug (D:2)
  An orc (D:3)
  3 bats
  5 endoplasms
  A giant cockroach (D:1)
  3 goblins
  7 hobgoblins
  3 jackals (D:2)
  5 kobolds
  3 quokkas
  4 ball pythons
  3 frilled lizards
46 creatures vanquished.

Notes
Turn   | Place    | Note
-------+----------+-------------------------------------------
     0 | D:1      | voltaire321 the Octopode Venom Mage began the quest for the
                  | Orb.
     0 | D:1      | Reached XP level 1. HP: 11/11 MP: 3/3
   327 | D:1      | Reached XP level 2. HP: 17/18 MP: 0/5
  1084 | D:2      | Reached XP level 3. HP: 20/22 MP: 2/6
  1122 | D:2      | Learned a level 2 spell: Poisonous Vapours
  1126 | D:2      | Learned a level 3 spell: Mephitic Cloud
  1246 | D:2      | Reached skill level 1 in Fighting
  1764 | D:3      | Found Laossiff's General Store.
  1778 | D:3      | Bought a potion of heal wounds for 65 gold pieces
  1892 | D:3      | Reached XP level 4. HP: 28/28 MP: 5/7
  2535 | D:4      | Noticed a scorpion
  2543 | D:4      | Killed a scorpion
  2544 | D:4      | Reached skill level 1 in Conjurations
  2544 | D:4      | Reached skill level 1 in Air Magic
  2544 | D:4      | Reached XP level 5. HP: 33/33 MP: 3/8
  2615 | D:4      | HP: 1/33 [ball python (2)]
  2615 | D:4      | Constricted to death by a ball python

Illustrated notes

Levels and vault maps discovered:
D:1:      lemuel_arrival_room, layout_basic
D:2:      layout_loops_ring
D:3:      layout_basic, serial_shops, shop
D:4:      layout_loops_cross

Skill      XL: |  1  2  3  4 |
---------------+-------------+-----
Stealth        | 3 4 |  4.2
Fighting       | 1 |  1.6
Poison Magic   | 4 |  4.3
Conjurations   | 1 |  1.1
Transmutations | 2 |  2.0
Air Magic      | 1 |  1.2
Dodging        | |  2.7
Spellcasting   | |  2.6

Action                     |  1- 3 |  4- 6 || total
---------------------------+-------+-------++-------
  Melee: Unarmed           |     5 |       ||     5
         Constrict         |     7 |     8 ||    15
         Tentacles         |     8 |     9 ||    17
         Short sword       |    26 |    29 ||    55
         Punch             |     1 |       ||     1
   Cast: Sting             |    36 |    11 ||    47
         Poisonous Vapours |       |     4 ||     4
   Stab: Sleeping          |     3 |     3 ||     6
 Armour: Skin              |     2 |       ||     2
  Dodge: Dodged            |    20 |    21 ||    41

Table legend: (Time is in decaauts)
 A = Elapsed time spent in this place.
 B = Non-inter-level travel time spent in this place.
 C = Inter-level travel time spent in this place.
 D = Time resting spent in this place.
 E = Time spent auto-exploring this place.
 F = Levels seen in this place.
 G = Mean time per level.
                   A        B        C        D        E       F      G
               +--------+--------+--------+--------+--------+-----+--------+
         Total |   2613 |   2545 |     68 |    364 |   1776 |   4 |  653.2 |
       Dungeon |   2613 |   2545 |     68 |    364 |   1776 |   4 |  653.2 |
               +--------+--------+--------+--------+--------+-----+--------+

Top non-repeatable levels by time:
     D:2: 841 daAuts
     D:1: 747 daAuts
     D:3: 690 daAuts
     D:4: 333 daAuts
